 Dungeon Crawl Stone Soup version 0.21-a0-221-gfe971b9 (webtiles) character file.

68 Moloch the Poker (level 4, 27/35 HPs)
             Began as a Demonspawn Fighter on Aug 26, 2017.
             Quit the game on level 2 of the Dungeon.
             The game lasted 00:01:16 (1215 turns).

Moloch the Poker (Demonspawn Fighter)               Turns: 1215, Time: 00:01:17

Health: 27/35      AC: 12    Str: 16    XL:     4   Next: 1%
Magic:  4/4        EV:  4    Int:  9    God:
Gold:   57         SH:  8    Dex: 14    Spells: 3/3 levels left

rFire    + . .     SeeInvis .   a - +0 trident
rCold    . . .     Gourm    .   c - +0 shield
rNeg     . . .     Faith    .   k - +2 chain mail {rF+}
rPois    .         Spirit   .   (no helmet)
rElec    .         Reflect  .   (no cloak)
rCorr    .         Harm     .   (no gloves)
MR       .....                  (no boots)
Stlth    ..........             (no amulet)
HPRegen  0.11/turn              (no ring)
MPRegen  0.09/turn              (no ring)

@: mildly poisoned (27 -> 26)
A: iridescent scales 1, spiny 1
a: no special abilities


You were on level 2 of the Dungeon.
You were not hungry.

You visited 1 branch of the dungeon, and saw 2 of its levels.

You collected 57 gold pieces.

Inventory:

Hand Weapons
 a - a +0 trident (weapon)
Armour
 c - a +0 shield (worn)
 k - a +2 chain mail of fire resistance (worn)
Scrolls
 e - a scroll of enchant armour {unknown}
 i - a scroll of teleportation {unknown}
Potions
 b - a potion of berserk rage {unknown}
 d - a potion of might
 g - a potion of curing {unknown}
Comestibles
 f - a bread ration
 h - 2 fruits
 j - a meat ration


   Skills:
 - Level 3.0 Fighting
 + Level 3.9 Polearms
 - Level 2.6 Armour
 - Level 2.6 Shields


You had 3 spell levels left.
You didn't know any spells.

Dungeon Overview and Level Annotations

Branches:
Dungeon (2/15)

Altars:


Innate Abilities, Weirdness & Mutations

You are partially covered in iridescent scales. (AC +2)
You are partially covered in sharp spines.


Message History

The adder is moderately wounded.
The adder bites you but does no damage.
You puncture the adder!
You kill the adder!
A worm comes into view.
You feel sick.
You hit the worm.
The worm is lightly wounded.
You hit the worm.
The worm is heavily wounded.
You feel sick. The worm bites you but does no damage.
You puncture the worm!
The worm is almost dead.
The worm barely misses you.
You puncture the worm!
You kill the worm!
You have reached level 4!
You feel agile.
Your demonic ancestry asserts itself...
Sharp spines emerge from parts of your body.
Are you sure you want to abandon this character and quit the game? (Confirm with "yes".)

...# ####. ...#
...... ...# ....
...# ... ...#
#.##...# ####..#†..#
#.....@...#
#.......###
###.......######
......†......... .
########.######.##..
#..#####.....
##.##........
#.##.##..#..
#...........


There were no monsters in sight!

Vanquished Creatures
  A gnoll (D:1)
  3 adders (D:2)
  2 worms
  2 leopard geckos (D:1)
  A bat (D:1)
  A giant cockroach (D:1)
  4 goblins (D:1)
  5 hobgoblins
  3 kobolds (D:1)
  2 rats (D:1)
24 creatures vanquished.

Notes
Turn   | Place    | Note
-------+----------+-------------------------------------------
     0 | D:1      | Moloch the Demonspawn Fighter began the quest for the Orb.
     0 | D:1      | Reached XP level 1. HP: 18/18 MP: 1/1
   379 | D:1      | Gained mutation: You are partially covered in iridescent scales. (AC +2) [demonic ancestry]
   379 | D:1      | Reached XP level 2. HP: 17/24 MP: 2/2
   600 | D:1      | Reached XP level 3. HP: 29/29 MP: 3/3
  1214 | D:2      | Gained mutation: You are partially covered in sharp spines. [demonic ancestry]
  1214 | D:2      | Reached XP level 4. HP: 27/35 MP: 4/4
  1215 | D:2      | Quit the game

Vault maps used:
D:1:      evilmike_arrival_run_for_it
D:2:      first_bread

Skill      XL: |  1  2 |
---------------+-------+-----
Polearms       | 2 3 |  3.9
Fighting       | |  3.0
Armour         | |  2.6
Shields        | |  2.6

Action                   |  1- 3 |  4- 6 || total
-------------------------+-------+-------++-------
Melee: Trident           |   141 |       ||   141
  Eat: Chunk             |     1 |       ||     1
Armor: Scale mail        |    13 |       ||    13
       Chain mail        |    41 |       ||    41
Dodge: Dodged            |    26 |       ||    26
Block: Shield            |    44 |       ||    44

Table legend:
 A = Spawn XP
 B = Non-spawn XP
 C = Spawn XP percentage of total XP
 D = Spawn monster count
 E = Non-spawn monster count
 F = Spawn count percentage of total count
 G = Total turns spent on level
                    A         B        C        D         E        F      G
               +---------+---------+-------+---------+---------+-------+---------
         Total |      12 |      86 |  12.2 |       5 |      19 |  20.8 |  1215
               +---------+---------+-------+---------+---------+-------+---------
           D:1 |       7 |      44 |  13.7 |       4 |      15 |  21.1 |   887
           D:2 |       5 |      42 |  10.6 |       1 |       4 |  20.0 |   328
               +---------+---------+-------+---------+---------+-------+---------
